 Dungeon Crawl Stone Soup version 0.31-a0-177-g4aa6249778 (webtiles) character file.

Game seed: 6307407908754409450

627 qw the Shooter (level 7, 0/64 HPs)
             Began as a Naga Hunter on June 18, 2023.
             Slain by a phantom (2 damage)
             ... on level 6 of the Dungeon.
             The game lasted 00:01:11 (3557 turns).

qw the Shooter (Naga Hunter)                        Turns: 3557, Time: 00:01:12

Health: 0/64       AC: 10    Str: 13    XL:     7   Next: 47%
Magic:  7/7        EV: 10    Int: 13    God:
Gold:   344        SH:  0    Dex: 16    Spells: 6/6 levels left

rFire   . . .        i - +0 orcbow
rCold   . . .        (shield currently unavailable)
rNeg    . . .        c - +0 leather armour
rPois   +            e - +2 helmet {Int+3}
rElec   .            (no cloak)
rCorr   .            (no gloves)
SInv    +            (no barding)
Will    .....        (no amulet)
Stlth   ++           h - +4 ring of protection
HPRegen 0.30/turn    (no ring)
MPRegen 0.10/turn

%: no passive effects
@: about to teleport, very slow
A: AC +2, large, see invisible, deformed body, poison resistance, slowness 2,
spit poison 1, naga tail 1
a: Spit Poison


You were on level 6 of the Dungeon.
You visited 1 branch of the dungeon, and saw 6 of its levels.

You collected 344 gold pieces.


Innate Abilities, Weirdness & Mutations

Your serpentine skin is tough. (AC +2)
You have supernaturally acute eyesight. (SInv)
Armour fits poorly on your strangely shaped body.
Your system is resistant to poisons. (rPois)
You cover ground very slowly.
You can spit poison.
You have a snake-like lower body.


   Skills:
 - Level 4.1 Fighting
 + Level 7.2 Ranged Weapons
 - Level 2.0 Dodging
 - Level 1.5 Stealth


You had 6 spell levels left.
You didn't know any spells.
Your spell library was empty.

Inventory:

Hand Weapons
 i - a +0 orcbow (weapon)
Armour
 c - a +0 leather armour (worn)
 e - a +2 helmet of intelligence (worn)
Jewellery
 h - a +4 ring of protection (left hand)
 k - a ring of protection from cold
Scrolls
 b - a scroll of identify
 j - a scroll of poison {unknown}
Potions
 f - 2 potions of mutation
 g - a potion of curing {unknown}

Dungeon Overview and Level Annotations

Branches:
Dungeon (6/15)
 Temple: D:4-7

Altars:
Ru
Sif Muna
Uskayaw
Xom
Zin

Shops:
D:2 [

Annotations:
D:6 Pikel


Message History

Press: ? - help, Shift-Dir - straight line, f - Pikel, p - water moccasin The splash of poison hits Pikel.
Pikel is lightly wounded.
You feel sick.
The lemure looks more healthy.
Pikel hits you but does no damage. The water moccasin barely misses you.
You shoot an arrow. The arrow closely misses Pikel.
The arrow hits the lemure!
You kill the lemure!
That felt strangely unrewarding.
You feel sick.
The water moccasin bites you but does no damage.
Pikel waves his whip at you.
Pikel hits you with a +1 whip of freezing.
Pikel freezes you. The water moccasin misses you.
Pikel says, "You'll feel the lick of my whip!"
Pikel hits you but does no damage.
You shoot an arrow. The arrow closely misses Pikel.
The arrow barely misses the wight.
The arrow hits the lemure!
The lemure is heavily wounded.
Your surroundings suddenly seem different.
A phantom comes into view.
Found 5 stones.
You feel sick.
You shoot an arrow. The arrow closely misses the phantom.
You feel sick.
You shoot an arrow. The arrow barely misses the phantom.
You feel sick.
3555 ||| READING scroll of teleportation.
As you read the scroll of teleportation, it crumbles to dust.
You feel strangely unstable.
You feel sick.
You shoot an arrow. The arrow hits the phantom!
The phantom is heavily damaged.
You have got your breath back.
You feel sick.
You are no longer poisoned.
The phantom barely misses you.
You shoot an arrow. The arrow hits the phantom!
The phantom is almost destroyed.
The phantom hits you but does no damage.
The phantom hits you.
You die...

#........#
#........#
#........###
#...........
#..........(
#...........
#...W.......
#...@.......
#...........
#######.....
..## #.. .


You could see a phantom.

Vanquished Creatures
  An ogre (D:4)
  A lemure (D:6)
  A phantom (D:4)
  A howler monkey (D:5)
  3 hounds
  A jelly (D:5)
  Jessica (D:2)
  A sleepcap (D:5)
  2 iguanas
  2 orc wizards (D:5)
  8 adders
  A white imp (D:5)
  2 worms (D:2)
  2 dart slugs (D:4)
  7 orcs
  4 ball pythons
  6 bats
  8 endoplasms
  3 giant cockroaches
  5 hobgoblins
  7 jackals (D:5)
  4 quokkas
  4 goblins
  3 kobolds
  3 rats
81 creatures vanquished.

Notes
Turn   | Place    | Note
-------+----------+-------------------------------------------
     0 | D:1      | qw the Naga Hunter began the quest for the Orb.
     0 | D:1      | Reached XP level 1. HP: 19/19 MP: 1/1
     0 | D:1      | 0 ||| qw: Version: 0.3-a-7-ge0c9b40
     0 | D:1      | 0 ||| qw: Game counter: 716
     0 | D:1      | 0 ||| qw: Always use a shield: true
     0 | D:1      | 0 ||| qw: God list: Okawaru
     0 | D:1      | 0 ||| qw: Allow faded altars: false
     0 | D:1      | 0 ||| qw: Do Orc after D:15 true
     0 | D:1      | 0 ||| qw: Do second Lair branch before Depths: true
     0 | D:1      | 0 ||| qw: Lair rune preference: random
     0 | D:1      | 0 ||| qw: Plans: Normal
     0 | D:1      | 0 ||| PLANNING D:1-11
    46 | D:1      | 46 ||| INVOKING Spit Poison.
   268 | D:1      | 268 ||| INVOKING Spit Poison.
   498 | D:1      | 498 ||| INVOKING Spit Poison.
   523 | D:1      | Found a faded altar of an unknown god.
   539 | D:1      | Reached skill level 4 in Ranged Weapons
   539 | D:1      | Reached XP level 2. HP: 26/26 MP: 2/2
   583 | D:1      | 583 ||| INVOKING Spit Poison.
   744 | D:1      | 744 ||| INVOKING Spit Poison.
   822 | D:1      | 822 ||| UPGRADING to +2 helmet of intelligence.
   827 | D:1      | 827 ||| READING scroll labelled RAYKHE WILOECS.
   828 | D:1      | 828 ||| DRINKING 2 fuming sapphire potions.
   829 | D:1      | 829 ||| DROPPING scroll of butterflies.
   830 | D:1      | 830 ||| DROPPING potion of invisibility.
   862 | D:2      | 862 ||| INVOKING Spit Poison.
   872 | D:2      | 872 ||| INVOKING Spit Poison.
   880 | D:2      | Reached XP level 3. HP: 32/32 MP: 3/3
   880 | D:2      | 880 ||| INVOKING Spit Poison.
   899 | D:2      | 899 ||| INVOKING Spit Poison.
   903 | D:2      | Identified the +3 sling of Equivalence {elec, rPois rF-
                  | Dex-5 SInv}
   906 | D:2      | 906 ||| DROPPING +3 sling of Equivalence {elec, rPois rF-
                  | Dex-5 SInv}.
   937 | D:2      | 937 ||| INVOKING Spit Poison.
   940 | D:2      | 940 ||| INVOKING Spit Poison.
   948 | D:2      | Noticed Jessica
   949 | D:2      | 949 ||| INVOKING Spit Poison.
   953 | D:2      | Killed Jessica
   954 | D:2      | Reached skill level 5 in Ranged Weapons
   954 | D:2      | Reached XP level 4. HP: 18/39 MP: 4/4
   956 | D:2      | 956 ||| INVOKING Spit Poison.
  1093 | D:2      | 1093 ||| INVOKING Spit Poison.
  1310 | D:2      | Found Fusier's Armour Emporium.
  1313 | D:2      | 1313 ||| SHOPLISTING +0 helmet of Asceticism {Fly rC+ Dex+5
                  | Stlth-} (326 gold, have 124).
  1313 | D:2      | 1313 ||| SHOPLISTING +2 acid dragon scales (572 gold, have
                  | 124).
  1313 | D:2      | 1313 ||| SHOPLISTING +3 robe "Zoxt" {+Inv rF- Int+7 Dex+3}
                  | (480 gold, have 124).
  1321 | D:2      | 1321 ||| READING scroll labelled CATHUENGIOTT.
  1322 | D:2      | 1322 ||| READING scroll labelled KIXESA SELUI.
  1323 | D:2      | 1323 ||| READING scroll labelled EQISUR VEAPE.
  1424 | D:2      | 1424 ||| READING scroll labelled FOLAMA FUYWN.
  1425 | D:2      | 1425 ||| READING scroll labelled BILIUS NYOCRAU.
  1438 | D:3      | 1438 ||| INVOKING Spit Poison.
  1459 | D:3      | 1459 ||| INVOKING Spit Poison.
  1463 | D:3      | 1463 ||| INVOKING Spit Poison.
  1521 | D:3      | Found a shimmering blue altar of Sif Muna.
  1527 | D:3      | Found a shimmering altar of Xom.
  1529 | D:3      | Found a sacrificial altar of Ru.
  1602 | D:3      | 1602 ||| INVOKING Spit Poison.
  1621 | D:3      | 1621 ||| INVOKING Spit Poison.
  1622 | D:3      | Reached skill level 3 in Fighting
  1834 | D:4      | 1834 ||| INVOKING Spit Poison.
  1837 | D:4      | 1837 ||| INVOKING Spit Poison.
  1838 | D:4      | 1838 ||| STAIRDANCE
  1840 | D:3      | 1840 ||| INVOKING Spit Poison.
  1842 | D:3      | Reached XP level 5. HP: 45/49 MP: 5/5
  1889 | D:4      | 1889 ||| INVOKING Spit Poison.
  1893 | D:4      | 1893 ||| INVOKING Spit Poison.
  1915 | D:4      | Noticed a phantom
  1916 | D:4      | 1916 ||| INVOKING Spit Poison.
  1930 | D:4      | Killed a phantom
  1931 | D:4      | Reached skill level 6 in Ranged Weapons
  1996 | D:4      | 1996 ||| INVOKING Spit Poison.
  1999 | D:4      | 1999 ||| INVOKING Spit Poison.
  2006 | D:4      | Reached XP level 6. HP: 47/56 MP: 6/6
  2054 | D:4      | Found a glowing silver altar of Zin.
  2060 | D:4      | 2060 ||| READING 2 scrolls of identify.
  2060 | D:4      | 2060 ||| IDENTIFYING bubbling blue potion
  2064 | D:4      | 2064 ||| INVOKING Spit Poison.
  2069 | D:4      | 2069 ||| INVOKING Spit Poison.
  2215 | D:4      | 2215 ||| INVOKING Spit Poison.
  2220 | D:4      | 2220 ||| INVOKING Spit Poison.
  2249 | D:4      | 2249 ||| INVOKING Spit Poison.
  2254 | D:4      | 2254 ||| INVOKING Spit Poison.
  2378 | D:4      | 2378 ||| READING 2 scrolls of identify.
  2378 | D:4      | 2378 ||| IDENTIFYING fizzy brown potion
  2400 | D:5      | Entered Level 5 of the Dungeon
  2423 | D:5      | 2423 ||| INVOKING Spit Poison.
  2428 | D:5      | 2428 ||| INVOKING Spit Poison.
  2530 | D:5      | 2530 ||| INVOKING Spit Poison.
  2562 | D:5      | 2562 ||| INVOKING Spit Poison.
  2567 | D:5      | Reached XP level 7. HP: 64/64 MP: 7/7
  2621 | D:5      | 2621 ||| READING scroll of brand weapon.
  2621 | D:5      | 2621 ||| BRANDING +1 shortbow of chaos.
  2631 | D:5      | 2631 ||| INVOKING Spit Poison.
  2636 | D:5      | 2636 ||| INVOKING Spit Poison.
  2727 | D:5      | 2727 ||| Stepping ~*~*~tactically~*~*~ (outnumbered).
  2728 | D:5      | 2728 ||| INVOKING Spit Poison.
  2734 | D:5      | 2734 ||| INVOKING Spit Poison.
  2738 | D:5      | 2738 ||| INVOKING Spit Poison.
  2742 | D:5      | 2742 ||| INVOKING Spit Poison.
  2747 | D:5      | Reached skill level 7 in Ranged Weapons
  2747 | D:5      | 2747 ||| INVOKING Spit Poison.
  2834 | D:5      | 2834 ||| SWAPPING to +0 orcbow.
  2835 | D:5      | 2835 ||| INVOKING Spit Poison.
  2836 | D:5      | 2836 ||| DROPPING +1 shortbow of flaming.
  2987 | D:5      | 2987 ||| INVOKING Spit Poison.
  3013 | D:5      | 3013 ||| INVOKING Spit Poison.
  3016 | D:5      | 3016 ||| INVOKING Spit Poison.
  3021 | D:5      | 3021 ||| INVOKING Spit Poison.
  3401 | D:5      | 3401 ||| UPGRADING to +4 ring of protection.
  3497 | D:6      | Found a hide-covered altar of Uskayaw.
  3534 | D:6      | 3534 ||| INVOKING Spit Poison.
  3535 | D:6      | Noticed Pikel
  3540 | D:6      | 3540 ||| INVOKING Spit Poison.
  3543 | D:6      | 3543 ||| INVOKING Spit Poison.
  3547 | D:6      | HP: 15/64 [Pikel/+1 whip of freezing (5)]
  3548 | D:6      | 3548 ||| READING 2 scrolls of teleportation.
  3548 | D:6      | HP: 4/64 [Pikel/+1 whip of freezing (4)]
  3549 | D:6      | 3549 ||| DRINKING potion of heal wounds.
  3550 | D:6      | 3550 ||| INVOKING Spit Poison.
  3553 | D:6      | HP: 4/64 [poisoned by a water moccasin]
  3555 | D:6      | 3555 ||| READING scroll of teleportation.
  3557 | D:6      | Slain by a phantom

Levels and vault maps discovered:
D:1:      dpeg_arrival_three_same_balls, layout_basic,
          ebering_ecumenical_altar_ruins
D:2:      layout_rooms, serial_shops, nicolae_shop_tiny_real_fake_doors,
          uniq_jessica
D:3:      layout_rooms, minitemple
D:4:      layout_cave_pools, amcnicky_altar_gilded
D:5:      layout_cave_pods, nicolae_hexahallways
D:6:      layout_basic, mainiacjoe_overflow_surrounded_room,
          minmay_temple_entry_mini_moons, uniq_sigmund, uniq_pikel,
          uniq_crazy_yiuf_cottage, uniq_maggie

Skill      XL: |  1  2  3  4  5  6  7 |
---------------+----------------------+-----
Ranged Weapons | 4 5 6 7 |  7.2
Fighting       | 3 4 |  4.1
Dodging        | 2 |  2.0
Stealth        | |  1.5

Action                     |  1- 3 |  4- 6 |  7- 9 || total
---------------------------+-------+-------+-------++-------
   Fire: Shortbow          |    41 |    94 |    25 ||   160
         Orcbow            |       |       |    34 ||    34
Ability: Spit Poison       |    12 |    25 |    16 ||    53
    Use: Scroll            |     1 |     7 |     3 ||    11
         Potion            |     1 |       |     1 ||     2
 Armour: Leather armour    |     2 |    17 |    21 ||    40
  Dodge: Dodged            |     3 |    19 |    29 ||    51

Table legend:
 A = Non-vault XP
 B = Vault XP
 C = Vault XP percentage of total XP
 D = Non-vault monster count
 E = Vault monster count
 F = Vault count percentage of total count
                 A         B        C        D         E       F
            +---------+---------+-------+---------+---------+-------
      Total |     859 |      37 |   4.1 |      79 |       1 |   1.2
            +---------+---------+-------+---------+---------+-------
        D:1 |      14 |       0 |   0.0 |       9 |       0 |   0.0
        D:2 |      38 |      37 |  49.3 |      11 |       1 |   8.3
        D:3 |     104 |       0 |   0.0 |      17 |       0 |   0.0
        D:4 |     322 |       0 |   0.0 |      16 |       0 |   0.0
        D:5 |     339 |       0 |   0.0 |      25 |       0 |   0.0
        D:6 |      42 |       0 |   0.0 |       1 |       0 |   0.0
            +---------+---------+-------+---------+---------+-------
